 Dungeon Crawl Stone Soup version 0.30-a0-310-g7d6cbdfea6 (webtiles) character file.

Game seed: 6316632050586559984

77 hikkokomori the Trooper (level 3, 0/31 HPs)
             Began as a Demigod Fighter on Oct 25, 2022.
             Slain by a kobold
             ... wielding a +0 short sword
              (1 damage)
             ... on level 3 of the Dungeon.
             The game lasted 00:03:45 (1589 turns).

hikkokomori the Trooper (Demigod Fighter)           Turns: 1589, Time: 00:03:45

Health: 0/31       AC:  9    Str: 17    XL:     3   Next: 91%
Magic:  5/5        EV:  9    Int: 10    God:
Gold:   68         SH:  5    Dex: 17    Spells: 2/2 levels left

rFire   . . .      SeeInvis .    a - +0 long sword
rCold   . . .      Faith    .    c - +0 buckler
rNeg    . . .      Spirit   .    b - +0 scale mail
rPois   .          Reflect  .    n - +0 helmet
rElec   .          Harm     .    (no cloak)
rCorr   .          Rampage  .    (no gloves)
Will    .....                    g - +0 pair of boots
Stlth   ..........               (no amulet)
HPRegen 0.25/turn                (no ring)
MPRegen 0.09/turn                (no ring)

@: no status effects
A: high MP 1, forlorn, divine attributes
a: no special abilities


You were on level 3 of the Dungeon.
You visited 1 branch of the dungeon, and saw 3 of its levels.

You collected 68 gold pieces.

Inventory:

Hand Weapons
 a - a +0 long sword (weapon)
Missiles
 h - 2 silver javelins (quivered)
Armour
 b - a +0 scale mail (worn)
 c - a +0 buckler (worn)
 g - a +0 pair of boots (worn)
 l - a +0 kite shield
 n - a +0 helmet (worn)
Scrolls
 e - 2 scrolls of magic mapping
 f - 2 scrolls of teleportation {unknown}
 i - a scroll of noise {unknown}
 k - a scroll of enchant armour {unknown}
 m - a scroll of poison {unknown}
 o - a scroll of immolation {unknown}
 p - a scroll of vulnerability {unknown}
 q - a scroll of amnesia {unknown}
 t - a scroll of identify {unknown}
Potions
 d - 2 potions of might
 j - a potion of curing {unknown}
 r - a potion of berserk rage {unknown}
 s - a potion of brilliance {unknown}
 u - a potion of mutation {unknown}
 v - a potion of lignification {unknown}


   Skills:
 + Level 3.3 Fighting
 - Level 2.0 Long Blades
 + Level 3.3 Armour
 + Level 3.3 Shields


You had 2 spell levels left.
You didn't know any spells.
Your spell library was empty.

Dungeon Overview and Level Annotations

Branches:
Dungeon (3/15)


Innate Abilities, Weirdness & Mutations

You have an increased reservoir of magic. (+10% MP)
You shall have no god before yourself.
Your divine heritage dramatically boosts your attributes as you level up.


Message History

Unknown command.
You hit the orc.
You kill the orc!
The orc priest hits you but does no damage.
The orc priest hits you with a +3 flail of protection.
Unknown command.
You barely miss the orc priest. The orc barely misses you.
The orc priest miscasts a cantrip.
Unknown command.
You hit the orc priest but do no damage.
The orc priest hits you but does no damage.
The orc hits you but does no damage.
The kobold hits you with a +0 short sword.
Unknown command.
You hit the orc priest.
The orc priest is heavily wounded.
The orc priest hits you with a +3 flail of protection.
The orc barely misses you.
The kobold hits you with a +0 short sword.
Unknown command.
You barely miss the orc priest.
The orc priest is heavily wounded.
The kobold hits you with a +0 short sword.
The orc priest misses you. The orc closely misses you.
An orc comes into view. It is wielding a +0 hand axe.
The orc priest hits you with a +3 flail of protection.
The orc hits you but does no damage. The kobold hits you but does no damage.
You hit the orc priest.
The orc priest is severely wounded.
The orc priest invokes the aid of Beogh against you.
Beogh smites you!
* * * LOW HITPOINT WARNING * * *
You block the orc's attack.
The kobold hits you with a +0 short sword.
* * * LOW HITPOINT WARNING * * *
You hit the orc priest.
You kill the orc priest!
The orc hits you but does no damage.
The kobold hits you with a +0 short sword.
You die...

******,,,,,,,,,,****,,,,,,,,,,***
*,,,......o...b,*,,,,,,,,,,, ***
*,,,,...K.....#,,,,,_,,,**** ,,*
*,,,,,...o....#*,,,,,,,,* * ,,*
*,,,,,,.......#**,,,,,,,* *
,,**********,..*...# *,,,,,,,* *
,,*,,,,,,,**,#.,,..# ***,***,****
,,*,,,>,,,**,#.###.# *,* *,,,,,
,,*,,,,,,,**,#.o@K.# *,* **,,,,
,,*,,_,,,,,*,####o.####*,* *,,,,
,,*,_8,,,,,*,#.......<##,* *,,,,
,,*,,_,,,,,,,#.###.....#,* *,,,,
,,*,,,,,,,,,,#,* #.....#,* *,,,,
+****,**,,,,,*,* #.....#,* *,,,,
,,* *,,,,*,*,*,**#.....#,* *,,,,
,*******,*,*,,,,^+.....+,* *,,,,
,,,,,* *,*,***,**#.....#** *,,,,


You could see 2 orcs and a kobold.

Vanquished Creatures
  An orc priest (D:3)
  2 adders (D:2)
  An orc (D:3)
  6 endoplasms
  5 giant cockroaches
  2 goblins (D:1)
  5 hobgoblins
  6 jackals (D:1)
  2 quokkas (D:2)
  4 ball pythons (D:1)
  6 bats
  4 frilled lizards
  7 kobolds
  2 rats
53 creatures vanquished.

Notes
Turn   | Place    | Note
-------+----------+-------------------------------------------
     0 | D:1      | hikkokomori the Demigod Fighter began the quest for the
                  | Orb.
     0 | D:1      | Reached XP level 1. HP: 18/18 MP: 3/3
   137 | D:1      | Reached XP level 2. HP: 18/25 MP: 4/4
   655 | D:1      | Reached XP level 3. HP: 24/31 MP: 5/5
  1588 | D:3      | HP: 1/31 [kobold/+0 short sword (3)]
  1589 | D:3      | Slain by a kobold

Illustrated notes

Levels and vault maps discovered:
D:1:      scummos_arrival_star, layout_basic
D:2:      layout_basic, basic_altar, hex_intersection, item_on_display_a
D:3:      layout_basic, mainiacjoe_overflow_surrounded_room,
          nicolae_qazlal_scattered_showers,
          chequers_temple_overflow_statue_of_worship

Skill      XL: |  1  2 |
---------------+-------+-----
Long Blades    | 2 |  2.0
Fighting       | 3 |  3.3
Armour         | 3 |  3.3
Shields        | 3 |  3.3

Action                   || total
-------------------------++-------
Melee: Long sword        ||   176
  Use: Scroll            ||     1
Armor: Scale mail        ||   101
Dodge: Dodged            ||   109
Block: Buckler           ||    46

Table legend: (Time is in decaauts)
 A = Elapsed time spent in this place.
 B = Non-inter-level travel time spent in this place.
 C = Inter-level travel time spent in this place.
 D = Time resting spent in this place.
 E = Time spent auto-exploring this place.
 F = Levels seen in this place.
 G = Mean time per level.
                   A        B        C        D        E       F      G
               +--------+--------+--------+--------+--------+-----+--------+
         Total |   1649 |   1587 |     62 |      0 |   1134 |   3 |  549.7 |
       Dungeon |   1649 |   1587 |     62 |      0 |   1134 |   3 |  549.7 |
               +--------+--------+--------+--------+--------+-----+--------+

Top non-repeatable levels by time:
     D:1: 911 daAuts
     D:2: 713 daAuts
     D:3: 24 daAuts
